 Dungeon Crawl Stone Soup version 0.27.1-2-g3b301248ec (webtiles) character file.

Game seed: 2645048637475099673

121 Descartes the Sneak (level 4, -1/21 HPs)
             Began as a Spriggan Artificer on Sept 24, 2021.
             Slain by an ogre (21 damage)
             ... on level 4 of the Dungeon.
             The game lasted 00:06:59 (4189 turns).

Descartes the Sneak (Spriggan Artificer)            Turns: 4189, Time: 00:07:00

Health: -1/21      AC:  2    Str:  9    XL:     4   Next: 77%
Magic:  5/5        EV: 22    Int: 12    God:
Gold:   191        SH:  0    Dex: 15    Spells: 2/3 levels left

rFire    . . .     SeeInvis +   s - +2 hunting sling (vorpal)
rCold    + . .     Faith    .   (shield restricted)
rNeg     . . .     Spirit   .   b - +0 robe
rPois    .         Reflect  .   (helmet restricted)
rElec    .         Harm     .   (no cloak)
rCorr    .         Rampage  .   (gloves unavailable)
Will     .....                  (boots unavailable)
Stlth    +++.......             (no amulet)
HPRegen  0.07/turn              j - +4 ring of evasion
MPRegen  0.09/turn              l - ring of protection from cold

@: very quick
A: very small, no large weapons, unfitting armour, see invisible, speed 3
a: no special abilities


You were on level 4 of the Dungeon.
You visited 1 branch of the dungeon, and saw 4 of its levels.

You collected 191 gold pieces.

Inventory:

Hand Weapons
 f - a +0 short sword
 s - a +2 vorpal hunting sling (weapon)
Missiles
 g - 121 stones (quivered ammo)
 o - 17 poisoned darts
Armour
 b - a +0 robe (worn)
Jewellery
 j - a +4 ring of evasion (left hand)
 l - a ring of protection from cold (right hand)
Wands
 c - a wand of flame (2)
 d - a wand of charming (15)
 u - a wand of digging (5)
Scrolls
 i - a scroll of magic mapping {unknown}
 k - a scroll of teleportation {unknown}
 m - 3 scrolls of identify {unknown}
 n - 2 scrolls of silence {unknown}
 r - a scroll of vulnerability {unknown}
 t - a scroll of summoning {unknown}
Potions
 a - a potion of berserk rage {unknown}
 h - a potion of ambrosia {unknown}
 p - a potion of brilliance {unknown}
 q - 2 potions of flight {unknown}
Miscellaneous
 e - a piece from Xom's chessboard (15/15)


   Skills:
 - Level 0.7 Fighting
 + Level 1.6 Short Blades
 + Level 1.6 Slings
 + Level 4.1 Dodging
 * Level 4.9 Stealth
 + Level 0.4 Spellcasting
 + Level 0.2 Earth Magic
 + Level 4.2 Evocations


You had 2 spell levels left.
You knew the following spells:

 Your Spells              Type           Power      Damage    Failure   Level
a - Sandblast             Erth           0%         2d4       28%         1

Your spell library contained the following spells:

 Spells                   Type           Power      Damage    Failure   Level
 Passwall                 Tmut/Erth      0%         N/A       43%         2
 Lee's Rapid Deconstruct  Erth           0%         3d5*      100%        5


Dungeon Overview and Level Annotations

Branches:
Dungeon (4/15)
 Temple: D:4-7

Altars:
Ashenzari

Shops:
D:2 ([(


Innate Abilities, Weirdness & Mutations

You are very small and have problems with some larger weapons.
You are too small for most types of armour.
You have supernaturally acute eyesight. (SInv)
You cover ground extremely quickly. (Speed+++)


Message History

There is an open door here.
Aiming: Throw Flame
Press: ? - help, Shift-Dir - straight line, f/p - hound
Aim: a hound (moderately wounded, 60% to hit)
The puff of flame hits the hound.
The hound is moderately wounded.
Aiming: Throw Flame
Press: ? - help, Shift-Dir - straight line, f/p - hound
Aim: a hound (moderately wounded, 60% to hit)
The puff of flame hits the hound.
The hound is severely wounded.
The hound misses you. The hound bites you.
Aiming: Throw Flame
Press: ? - help, Shift-Dir - straight line, f/p - hound
Aim: a hound (severely wounded, 60% to hit)
The puff of flame misses the hound.
The puff of flame hits the bullfrog skeleton.
The bullfrog skeleton is moderately damaged.
The hound closely misses you.
Aiming: Throw Flame
Press: ? - help, Shift-Dir - straight line, f/p - hound
Aim: a hound (severely wounded, 60% to hit)
The puff of flame hits the hound!
You kill the hound!
You see here a +0 leather armour.
You open the door.
There is an open door here.
An ogre comes into view. It is wielding a +0 giant club.
There is an open door here.
The ogre shouts!
You see here a hound corpse.
You shoot a stone. The stone hits the ogre.
The ogre is lightly wounded.
You shoot a stone. The stone hits the ogre.
The ogre is moderately wounded.
You shoot a stone. The stone hits the ogre.
The ogre is severely wounded.
The ogre hits you with a +0 giant club!!
Ouch! That really hurt!
You die...

# #..##.# ##....# #.
##.##.# #.#### #.
#.#.## #.# #.##..##
##'## #...## ##...##
###.## ##.....## #..##
##Z....$(##
##..(####........(#
#....(O@'.........(...
#....####..............
#...## ##.......#.###(
##.## ##.....##.# #.#
##...## # #.# ##+## #.


You could see an ogre and a bullfrog skeleton.

Vanquished Creatures
  A hound (D:4)
  4 adders
  A worm (D:2)
  3 dart slugs
  An orc (D:3)
  2 bats
  5 endoplasms (D:1)
  2 giant cockroaches
  A goblin (D:1)
  3 hobgoblins
  4 jackals (D:2)
  8 kobolds
  A quokka (D:3)
  3 ball pythons
  2 frilled lizards
  6 rats
47 creatures vanquished.

Notes
Turn   | Place    | Note
-------+----------+-------------------------------------------
     0 | D:1      | Descartes the Spriggan Artificer began the quest for the
                  | Orb.
     0 | D:1      | Reached XP level 1. HP: 9/9 MP: 2/2
   122 | D:1      | Reached XP level 2. HP: 11/14 MP: 3/3
   425 | D:1      | Found a faded altar of an unknown god.
  1182 | D:1      | You fall into a shaft and drop 1 floor!
  1214 | D:2      | Reached XP level 3. HP: 2/17 MP: 4/4
  1536 | D:2      | Found Tyusho's Armour Emporium.
  2051 | D:2      | Reached skill level 1 in Short Blades
  2051 | D:2      | Reached skill level 1 in Slings
  2541 | D:2      | Reached XP level 4. HP: 21/21 MP: 5/5
  2602 | D:2      | Found Feahuv's Antique Weapon Emporium.
  2814 | D:2      | Found Imuofaly's Antique Weapon Shop.
  2927 | D:3      | Learned a level 1 spell: Sandblast
  3274 | D:3      | Found a broken altar of Ashenzari.
  4185 | D:4      | Noticed an ogre
  4189 | D:4      | Slain by an ogre

Illustrated notes

Levels and vault maps discovered:
D:1:      roderic_chinese_lattice_arrival, layout_basic,
          ebering_ecumenical_altar_sacrificial, minmay_indecisive_spiral
D:2:      layout_rooms, serial_shops, shop, nicolae_lakefront_shop,
          nicolae_shop_statue_plus
D:3:      layout_basic, nicolae_ashenzari_panopticon, glass_columns_a,
          minmay_cupped
D:4:      layout_loops_corners, overflow_temple_1_default,
          mainiacjoe_overflow_catwalk, minmay_checkerbox

Skill      XL: |  1  2  3 |
---------------+----------+-----
Stealth        | 2 3 4 |  4.9
Short Blades   | 1 |  1.6
Slings         | 1 |  1.6
Dodging        | 4 |  4.1
Fighting       | |  0.7
Spellcasting   | |  0.4
Earth Magic    | |  0.2
Evocations     | |  4.2

Action                   |  1- 3 |  4- 6 || total
-------------------------+-------+-------++-------
Melee: Club              |     7 |       ||     7
       Short sword       |    52 |       ||    52
 Fire: Hunting sling     |    93 |    60 ||   153
Evoke: Wand              |     9 |     4 ||    13
 Stab: Sleeping          |     5 |       ||     5
Armor: Robe              |    10 |     1 ||    11
Dodge: Dodged            |    74 |    20 ||    94
